[ AOE2 MATCH · #506032493 ]
UnrankedPersians vs Romans
Player's team · LOSS
[ REPLAY ANALYSIS · EXTRACTED FROM THE RECORDED GAME ]
Feudal
9:20
Castle
24:23
Imperial
—
| APM avg | 44.1 |
| APM peak | 92 |
| eAPM avg | 18.7 |
| Villagers / military | 113 / 95 |
Focus
⚔️ 36.7% · 🌾 63.3%
Knight ×65 · Scout Cavalry ×18 · Camel Scout ×10 · Monk ×2
Feudal
10:01
Castle
26:09
Imperial
—
| APM avg | 62.6 |
| APM peak | 116 |
| eAPM avg | 28.8 |
| Villagers / military | 73 / 63 |
Focus
⚔️ 38.6% · 🌾 61.4%
Archer ×59 · Spearman ×4
Feudal
8:52
Castle
24:41
Imperial
40:55
| APM avg | 54.5 |
| APM peak | 109 |
| eAPM avg | 28.0 |
| Villagers / military | 158 / 145 |
Focus
⚔️ 35.1% · 🌾 64.9%
Militia ×128 · Battering Ram ×12 · Spearman ×3 · Trebuchet (Packed) ×2
Feudal
9:41
Castle
22:05
Imperial
—
| APM avg | 61.7 |
| APM peak | 222 |
| eAPM avg | 37.2 |
| Villagers / military | 108 / 137 |
Focus
⚔️ 78.1% · 🌾 21.9%
Knight ×103 · Scout Cavalry ×29 · Magyar Huszar ×5
Feudal
9:36
Castle
25:54
Imperial
38:47
| APM avg | 35.0 |
| APM peak | 74 |
| eAPM avg | 14.9 |
| Villagers / military | 55 / 97 |
Focus
⚔️ 38.9% · 🌾 61.1%
Archer ×88 · Skirmisher ×9
Feudal
9:22
Castle
22:00
Imperial
—
| APM avg | 41.7 |
| APM peak | 87 |
| eAPM avg | 18.7 |
| Villagers / military | 103 / 103 |
Focus
⚔️ 32.5% · 🌾 67.5%
Knight ×90 · Scout Cavalry ×12 · Monk ×1
Feudal
9:03
Castle
25:01
Imperial
—
| APM avg | 36.3 |
| APM peak | 71 |
| eAPM avg | 15.2 |
| Villagers / military | 122 / 145 |
Focus
⚔️ 36.0% · 🌾 64.0%
Archer ×145
Feudal
10:10
Castle
24:21
Imperial
—
| APM avg | 34.0 |
| APM peak | 77 |
| eAPM avg | 20.7 |
| Villagers / military | 168 / 189 |
Focus
⚔️ 25.9% · 🌾 74.1%
Camel Scout ×163 · Scout Cavalry ×26
Match map
Initial resources + every placement click. Lines = walls · curves = elevation contours. ◆ gold · ⬟ stone · ● berries · ✦ relic · ◌ wall gap
Your base· ✓ Closed at 24:23 · 51t walls · no gate
PedritoFurioso's base· Open — 1t gap
BoaDelapool, "cocainita"'s base· ✓ Closed at 24:41 · 45t walls · 1 gate(s)
Dadagama's base· Open — 7t gap
Ivandronato's base· Open — unwalled flank
Batlucky's base· Open — 12t gap
[GDL] RagnarokCo's base· Open — unwalled flank
Impeesa91's base· Open — unwalled flank
Smoothed initial terrain · ◌ = detected wall gap · hover for details
Inputs per minute
— rey mongol - - PedritoFurioso
Build order — rey mongol
First 150 of 339 actions detected
| 0:01 | Queue | Villager (Male) |
| 0:01 | Queue | Villager (Male) |
| 0:01 | Queue | Villager (Male) |
| 0:01 | Queue | Villager (Male) |
| 0:05 | Build | House |
| 0:06 | Build | House |
| 0:16 | Queue | Villager (Male) |
| 0:17 | Queue | Villager (Male) |
| 1:26 | Queue | Villager (Male) |
| 2:16 | Queue | Villager (Male) |
| 2:34 | Build | Lumber Camp |
| 2:38 | Queue | Villager (Male) |
| 2:42 | Queue | Villager (Male) |
| 3:31 | Queue | Villager (Male) |
| 3:31 | Queue | Villager (Male) |
| 3:31 | Queue | Villager (Male) |
| 3:49 | Build | House |
| 4:17 | Build | Mill |
| 4:18 | Queue | Villager (Male) |
| 4:23 | Build | House |
| 5:09 | Queue | Villager (Male) |
| 5:25 | Queue | Villager (Male) |
| 5:25 | Queue | Villager (Male) |
| 5:35 | Research | Loom |
| 6:07 | Build | Mill |
| 6:16 | Queue | Villager (Male) |
| 6:40 | Queue | Villager (Male) |
| 7:17 | Research | Feudal Age |
| 8:15 | Queue | Villager (Male) |
| 8:20 | Build | Barracks |
| 8:52 | Build | House |
| 8:57 | Queue | Villager (Male) |
| 9:16 | Queue | Villager (Male) |
| 9:20 | Age | Feudal Age |
| 9:27 | Build | Stable |
| 9:38 | Queue | Villager (Male) |
| 9:42 | Research | Double-Bit Axe |
| 10:14 | Queue | Scout Cavalry |
| 10:14 | Queue | Scout Cavalry |
| 10:14 | Queue | Scout Cavalry |
| 10:17 | Build | House |
| 10:34 | Build | Farm |
| 10:38 | Queue | Villager (Male) |
| 10:55 | Queue | Villager (Male) |
| 11:01 | Queue | Villager (Male) |
| 11:03 | Build | House |
| 11:09 | Queue | Scout Cavalry |
| 11:16 | Build | Farm |
| 11:29 | Queue | Villager (Male) |
| 11:32 | Build | Farm |
| 11:32 | Build | Farm |
| 11:33 | Build | Farm |
| 11:39 | Queue | Scout Cavalry |
| 11:45 | Build | House |
| 11:47 | Build | Palisade Wall |
| 11:51 | Build | Palisade Wall |
| 11:52 | Build | Palisade Wall |
| 11:53 | Queue | Villager (Male) |
| 12:09 | Research | Horse Collar |
| 12:14 | Build | Farm |
| 12:28 | Build | Palisade Wall |
| 12:40 | Build | House |
| 12:41 | Build | Palisade Wall |
| 12:42 | Queue | Villager (Male) |
| 12:43 | Queue | Scout Cavalry |
| 12:53 | Queue | Villager (Male) |
| 13:02 | Build | House |
| 13:04 | Build | Palisade Wall |
| 13:09 | Build | Palisade Wall |
| 13:11 | Build | Farm |
| 13:11 | Build | Farm |
| 13:17 | Queue | Scout Cavalry |
| 13:23 | Build | Farm |
| 13:33 | Build | Farm |
| 13:35 | Queue | Villager (Male) |
| 13:47 | Build | Palisade Wall |
| 13:54 | Queue | Villager (Male) |
| 14:18 | Build | Farm |
| 14:20 | Build | Farm |
| 14:24 | Queue | Villager (Male) |
| 14:26 | Build | Farm |
| 14:26 | Build | Farm |
| 14:26 | Build | Farm |
| 14:42 | Queue | Villager (Male) |
| 14:49 | Build | Mining Camp |
| 14:57 | Build | Farm |
| 15:02 | Queue | Scout Cavalry |
| 15:03 | Queue | Villager (Male) |
| 15:29 | Queue | Villager (Male) |
| 15:36 | Queue | Villager (Male) |
| 15:37 | Build | Farm |
| 15:49 | Queue | Scout Cavalry |
| 15:52 | Queue | Villager (Male) |
| 15:57 | Queue | Villager (Male) |
| 16:00 | Build | House |
| 16:00 | Build | Palisade Wall |
| 16:02 | Build | Palisade Wall |
| 16:17 | Build | Farm |
| 16:26 | Queue | Scout Cavalry |
| 16:28 | Queue | Scout Cavalry |
| 16:36 | Build | Blacksmith |
| 16:42 | Queue | Scout Cavalry |
| 16:52 | Queue | Villager (Male) |
| 17:00 | Build | Farm |
| 17:11 | Queue | Villager (Male) |
| 17:14 | Build | Farm |
| 17:24 | Build | Farm |
| 17:30 | Queue | Scout Cavalry |
| 17:34 | Build | House |
| 17:37 | Build | Palisade Wall |
| 17:43 | Build | House |
| 17:45 | Build | Farm |
| 17:57 | Queue | Villager (Male) |
| 17:58 | Build | Farm |
| 18:02 | Queue | Scout Cavalry |
| 18:02 | Queue | Scout Cavalry |
| 18:03 | Queue | Villager (Male) |
| 18:04 | Queue | Villager (Male) |
| 18:09 | Research | Wheelbarrow |
| 18:19 | Queue | Villager (Male) |
| 18:27 | Queue | Villager (Male) |
| 18:29 | Build | Farm |
| 18:31 | Queue | Villager (Male) |
| 18:32 | Queue | Scout Cavalry |
| 18:40 | Build | House |
| 18:48 | Build | House |
| 18:50 | Build | Palisade Wall |
| 19:00 | Queue | Scout Cavalry |
| 19:09 | Queue | Villager (Male) |
| 19:25 | Queue | Villager (Male) |
| 19:46 | Build | House |
| 19:47 | Build | House |
| 19:57 | Queue | Scout Cavalry |
| 19:59 | Build | House |
| 20:00 | Build | Palisade Wall |
| 20:13 | Build | Farm |
| 20:14 | Build | House |
| 20:15 | Build | House |
| 20:18 | Queue | Villager (Male) |
| 20:44 | Build | Farm |
| 20:44 | Build | Farm |
| 20:59 | Build | Palisade Wall |
| 21:16 | Build | Farm |
| 21:35 | Build | House |
| 21:44 | Build | Palisade Wall |
| 21:58 | Research | Castle Age |
| 22:09 | Build | Farm |
| 22:11 | Build | Farm |
| 22:28 | Build | House |
| 22:40 | Build | Palisade Wall |
Build order — PedritoFurioso
First 150 of 216 actions detected
| 0:01 | Queue | Villager (Male) |
| 0:02 | Queue | Villager (Male) |
| 0:02 | Queue | Villager (Male) |
| 0:03 | Build | House |
| 0:04 | Build | House |
| 0:07 | Queue | Villager (Male) |
| 1:31 | Build | Lumber Camp |
| 1:31 | Queue | Villager (Male) |
| 2:03 | Queue | Villager (Male) |
| 2:34 | Queue | Villager (Male) |
| 2:57 | Queue | Villager (Male) |
| 2:57 | Queue | Villager (Male) |
| 3:14 | Build | House |
| 3:21 | Build | House |
| 3:40 | Queue | Villager (Male) |
| 3:59 | Build | Mill |
| 4:10 | Queue | Villager (Male) |
| 4:20 | Queue | Villager (Male) |
| 4:20 | Queue | Villager (Male) |
| 5:04 | Queue | Villager (Male) |
| 5:22 | Queue | Villager (Male) |
| 6:00 | Queue | Villager (Male) |
| 6:00 | Research | Loom |
| 6:17 | Queue | Villager (Male) |
| 6:22 | Queue | Villager (Male) |
| 6:35 | Queue | Villager (Male) |
| 7:03 | Research | Loom |
| 7:51 | Research | Feudal Age |
| 7:52 | Research | Feudal Age |
| 7:54 | Queue | Villager (Male) |
| 8:12 | Build | Mining Camp |
| 8:15 | Queue | Villager (Male) |
| 8:21 | Queue | Villager (Male) |
| 8:24 | Build | Barracks |
| 8:53 | Build | House |
| 9:02 | Queue | Villager (Male) |
| 9:21 | Build | House |
| 9:23 | Build | House |
| 9:27 | Build | Palisade Wall |
| 9:35 | Queue | Villager (Male) |
| 9:49 | Build | Palisade Gate |
| 9:51 | Queue | Villager (Male) |
| 9:59 | Queue | Villager (Male) |
| 10:01 | Age | Feudal Age |
| 10:04 | Build | Palisade Wall |
| 10:07 | Build | Palisade Wall |
| 10:11 | Build | House |
| 10:14 | Build | Archery Range |
| 10:17 | Build | Archery Range |
| 10:52 | Queue | Villager (Male) |
| 10:53 | Queue | Villager (Male) |
| 10:55 | Queue | Villager (Male) |
| 11:02 | Queue | Villager (Male) |
| 11:03 | Queue | Villager (Male) |
| 11:29 | Queue | Archer |
| 11:29 | Queue | Archer |
| 11:36 | Build | Archery Range |
| 12:16 | Build | House |
| 12:21 | Queue | Archer |
| 12:22 | Queue | Archer |
| 12:27 | Queue | Spearman |
| 12:29 | Queue | Archer |
| 12:42 | Queue | Archer |
| 12:42 | Queue | Archer |
| 12:47 | Build | Palisade Wall |
| 12:50 | Queue | Archer |
| 12:52 | Queue | Archer |
| 12:53 | Queue | Archer |
| 13:10 | Build | Market |
| 13:16 | Queue | Archer |
| 13:16 | Queue | Archer |
| 13:26 | Build | Palisade Gate |
| 13:41 | Queue | Villager (Male) |
| 13:52 | Queue | Archer |
| 13:52 | Queue | Archer |
| 13:52 | Queue | Archer |
| 14:07 | Build | Blacksmith |
| 14:12 | Build | Palisade Wall |
| 14:13 | Build | Palisade Wall |
| 14:32 | Queue | Villager (Male) |
| 14:39 | Queue | Spearman |
| 14:44 | Queue | Archer |
| 14:44 | Queue | Archer |
| 14:45 | Queue | Archer |
| 14:57 | Queue | Villager (Male) |
| 15:02 | Build | Farm |
| 15:12 | Queue | Spearman |
| 15:12 | Queue | Spearman |
| 15:18 | Build | Palisade Wall |
| 15:19 | Queue | Archer |
| 15:55 | Queue | Archer |
| 15:58 | Build | Farm |
| 15:59 | Build | Farm |
| 16:08 | Research | Fletching |
| 16:26 | Build | Mill |
| 16:34 | Queue | Archer |
| 16:47 | Queue | Villager (Male) |
| 16:50 | Build | House |
| 16:52 | Queue | Archer |
| 16:52 | Queue | Archer |
| 17:21 | Queue | Villager (Male) |
| 17:22 | Queue | Archer |
| 17:28 | Queue | Archer |
| 17:45 | Build | Farm |
| 17:46 | Build | Farm |
| 17:47 | Queue | Villager (Male) |
| 17:49 | Queue | Archer |
| 17:49 | Queue | Archer |
| 17:51 | Build | House |
| 17:52 | Build | Palisade Wall |
| 18:00 | Research | Double-Bit Axe |
| 18:04 | Queue | Archer |
| 18:15 | Build | Palisade Wall |
| 18:28 | Queue | Villager (Male) |
| 18:28 | Queue | Archer |
| 18:28 | Queue | Archer |
| 18:44 | Queue | Villager (Male) |
| 18:58 | Build | House |
| 18:59 | Queue | Villager (Male) |
| 19:11 | Queue | Archer |
| 19:16 | Build | Farm |
| 19:18 | Build | Farm |
| 19:22 | Build | Farm |
| 19:23 | Queue | Villager (Male) |
| 19:25 | Queue | Archer |
| 19:36 | Queue | Archer |
| 19:36 | Queue | Archer |
| 19:40 | Build | House |
| 19:44 | Queue | Villager (Male) |
| 19:44 | Queue | Villager (Male) |
| 20:00 | Build | Archery Range |
| 20:01 | Queue | Villager (Male) |
| 20:10 | Queue | Archer |
| 20:10 | Queue | Archer |
| 20:18 | Queue | Archer |
| 20:23 | Queue | Villager (Male) |
| 20:26 | Build | Farm |
| 20:27 | Queue | Archer |
| 20:28 | Queue | Archer |
| 20:37 | Queue | Archer |
| 20:37 | Queue | Archer |
| 20:42 | Queue | Villager (Male) |
| 20:47 | Queue | Archer |
| 20:56 | Queue | Villager (Male) |
| 20:59 | Build | House |
| 21:05 | Build | House |
| 21:37 | Queue | Villager (Male) |
| 21:37 | Queue | Villager (Male) |
| 21:39 | Build | Farm |
| 21:39 | Build | Farm |
Build order — BoaDelapool, "cocainita"
First 150 of 488 actions detected
| 0:00 | Queue | Villager (Male) |
| 0:01 | Queue | Villager (Male) |
| 0:02 | Build | House |
| 0:02 | Build | House |
| 0:09 | Queue | Villager (Male) |
| 0:09 | Queue | Villager (Male) |
| 1:26 | Queue | Villager (Male) |
| 1:26 | Queue | Villager (Male) |
| 1:26 | Queue | Villager (Male) |
| 1:44 | Build | Lumber Camp |
| 2:05 | Queue | Villager (Male) |
| 2:05 | Queue | Villager (Male) |
| 2:14 | Queue | Villager (Male) |
| 2:15 | Queue | Villager (Male) |
| 2:37 | Build | House |
| 2:40 | Queue | Villager (Male) |
| 2:40 | Queue | Villager (Male) |
| 2:56 | Queue | Villager (Male) |
| 2:56 | Queue | Villager (Male) |
| 3:25 | Queue | Villager (Male) |
| 3:25 | Queue | Villager (Male) |
| 3:43 | Queue | Villager (Male) |
| 3:43 | Queue | Villager (Male) |
| 4:10 | Queue | Villager (Male) |
| 4:28 | Queue | Villager (Male) |
| 4:36 | Queue | Villager (Male) |
| 4:58 | Queue | Villager (Male) |
| 5:21 | Research | Loom |
| 5:38 | Build | Barracks |
| 6:42 | Research | Feudal Age |
| 7:10 | Build | House |
| 7:40 | Build | Mining Camp |
| 7:48 | Queue | Militia |
| 7:48 | Queue | Militia |
| 7:48 | Queue | Militia |
| 7:53 | Queue | Militia |
| 7:53 | Queue | Militia |
| 8:07 | Build | Mill |
| 8:13 | Queue | Villager (Male) |
| 8:24 | Build | House |
| 8:26 | Build | Palisade Wall |
| 8:52 | Age | Feudal Age |
| 8:59 | Build | Farm |
| 9:12 | Queue | Villager (Male) |
| 9:25 | Build | Farm |
| 9:28 | Build | Farm |
| 9:42 | Queue | Villager (Male) |
| 9:44 | Build | Farm |
| 9:49 | Build | House |
| 9:50 | Build | Palisade Wall |
| 10:08 | Queue | Villager (Male) |
| 10:15 | Queue | Villager (Male) |
| 10:15 | Queue | Villager (Male) |
| 10:17 | Build | Farm |
| 10:35 | Build | Farm |
| 10:51 | Queue | Villager (Male) |
| 10:55 | Build | House |
| 10:57 | Build | Palisade Wall |
| 11:06 | Queue | Villager (Male) |
| 11:14 | Build | House |
| 11:15 | Build | Palisade Wall |
| 11:32 | Queue | Villager (Male) |
| 11:34 | Build | Farm |
| 11:41 | Build | House |
| 11:43 | Build | Palisade Wall |
| 11:48 | Queue | Villager (Male) |
| 11:59 | Research | Double-Bit Axe |
| 12:13 | Queue | Spearman |
| 12:25 | Queue | Villager (Male) |
| 12:31 | Queue | Spearman |
| 12:38 | Build | Palisade Wall |
| 12:38 | Build | Palisade Wall |
| 12:42 | Build | House |
| 12:45 | Build | Palisade Wall |
| 12:50 | Build | Palisade Wall |
| 12:53 | Queue | Villager (Male) |
| 12:55 | Build | Farm |
| 13:06 | Research | Man-at-Arms (upgrade) |
| 13:15 | Build | Farm |
| 13:17 | Queue | Militia |
| 13:31 | Queue | Villager (Male) |
| 13:31 | Queue | Villager (Male) |
| 13:32 | Queue | Villager (Male) |
| 13:35 | Build | Farm |
| 13:40 | Build | Farm |
| 13:46 | Queue | Militia |
| 13:52 | Build | Farm |
| 14:10 | Queue | Militia |
| 14:17 | Queue | Militia |
| 14:23 | Queue | Villager (Male) |
| 14:26 | Build | Farm |
| 14:28 | Build | Farm |
| 14:34 | Queue | Villager (Male) |
| 14:38 | Queue | Militia |
| 14:52 | Queue | Militia |
| 14:53 | Queue | Villager (Male) |
| 15:06 | Queue | Militia |
| 15:16 | Queue | Militia |
| 15:19 | Queue | Villager (Male) |
| 15:19 | Queue | Villager (Male) |
| 15:28 | Queue | Militia |
| 15:29 | Queue | Villager (Male) |
| 15:31 | Build | Blacksmith |
| 15:32 | Build | House |
| 15:39 | Queue | Spearman |
| 15:54 | Build | Farm |
| 15:56 | Build | Farm |
| 16:04 | Build | House |
| 16:12 | Build | Farm |
| 16:19 | Queue | Militia |
| 16:20 | Queue | Villager (Male) |
| 16:34 | Queue | Villager (Male) |
| 16:52 | Queue | Militia |
| 16:56 | Build | Farm |
| 16:59 | Build | Farm |
| 17:06 | Queue | Villager (Male) |
| 17:19 | Build | Palisade Gate |
| 17:26 | Queue | Militia |
| 17:27 | Queue | Villager (Male) |
| 17:32 | Build | Lumber Camp |
| 17:43 | Research | Scale Mail Armor |
| 17:53 | Queue | Militia |
| 18:03 | Queue | Villager (Male) |
| 18:08 | Build | Farm |
| 18:10 | Build | Farm |
| 18:14 | Build | Farm |
| 18:15 | Build | Farm |
| 18:32 | Research | Wheelbarrow |
| 18:41 | Research | Horse Collar |
| 19:12 | Research | Forging |
| 19:21 | Build | Farm |
| 19:23 | Build | Farm |
| 19:43 | Queue | Villager (Male) |
| 20:09 | Queue | Villager (Male) |
| 20:24 | Queue | Villager (Male) |
| 20:40 | Queue | Villager (Male) |
| 20:53 | Build | Market |
| 21:00 | Queue | Villager (Male) |
| 21:36 | Queue | Villager (Male) |
| 21:36 | Queue | Villager (Male) |
| 21:39 | Research | Gold Mining |
| 21:44 | Build | Barracks |
| 21:46 | Build | House |
| 21:47 | Build | House |
| 21:58 | Research | Castle Age |
| 21:58 | Research | Castle Age |
| 22:08 | Build | House |
| 23:05 | Build | Farm |
| 23:34 | Queue | Militia |
| 23:34 | Queue | Militia |
Build order — Dadagama
First 150 of 262 actions detected
| 0:00 | Queue | Villager (Male) |
| 0:01 | Queue | Villager (Male) |
| 0:02 | Build | House |
| 0:03 | Build | House |
| 0:18 | Queue | Villager (Male) |
| 0:18 | Queue | Villager (Male) |
| 1:30 | Queue | Villager (Male) |
| 1:30 | Queue | Villager (Male) |
| 1:56 | Queue | Villager (Male) |
| 1:56 | Queue | Villager (Male) |
| 2:09 | Build | Lumber Camp |
| 2:11 | Queue | Villager (Male) |
| 2:12 | Queue | Villager (Male) |
| 2:53 | Queue | Villager (Male) |
| 2:54 | Queue | Villager (Male) |
| 3:16 | Queue | Villager (Male) |
| 3:16 | Queue | Villager (Male) |
| 3:26 | Build | House |
| 3:29 | Build | House |
| 3:38 | Queue | Villager (Male) |
| 3:39 | Queue | Villager (Male) |
| 3:39 | Queue | Villager (Male) |
| 4:30 | Queue | Villager (Male) |
| 4:30 | Queue | Villager (Male) |
| 4:52 | Build | Mill |
| 4:59 | Queue | Villager (Male) |
| 4:59 | Queue | Villager (Male) |
| 5:13 | Queue | Villager (Male) |
| 5:13 | Queue | Villager (Male) |
| 5:30 | Queue | Villager (Male) |
| 5:31 | Queue | Villager (Male) |
| 6:01 | Queue | Villager (Male) |
| 6:21 | Queue | Villager (Male) |
| 6:21 | Research | Loom |
| 7:25 | Research | Feudal Age |
| 7:37 | Build | Barracks |
| 7:38 | Build | House |
| 8:03 | Queue | Villager (Male) |
| 8:27 | Queue | Villager (Male) |
| 9:41 | Age | Feudal Age |
| 9:43 | Build | Stable |
| 9:45 | Research | Double-Bit Axe |
| 9:53 | Build | Farm |
| 9:56 | Build | Farm |
| 10:04 | Queue | Villager (Male) |
| 10:08 | Build | House |
| 10:23 | Queue | Scout Cavalry |
| 10:23 | Queue | Scout Cavalry |
| 10:23 | Queue | Scout Cavalry |
| 10:24 | Queue | Scout Cavalry |
| 10:24 | Queue | Scout Cavalry |
| 10:31 | Build | Farm |
| 10:34 | Build | Farm |
| 10:46 | Build | Palisade Wall |
| 10:52 | Queue | Villager (Male) |
| 10:55 | Build | Farm |
| 11:08 | Queue | Villager (Male) |
| 11:13 | Build | Farm |
| 11:22 | Queue | Villager (Male) |
| 11:40 | Queue | Villager (Male) |
| 11:46 | Build | Farm |
| 11:49 | Build | Farm |
| 11:50 | Queue | Scout Cavalry |
| 11:51 | Queue | Scout Cavalry |
| 12:07 | Queue | Villager (Male) |
| 12:15 | Build | Palisade Wall |
| 12:23 | Build | Farm |
| 12:26 | Build | Farm |
| 12:28 | Queue | Villager (Male) |
| 12:31 | Queue | Scout Cavalry |
| 12:31 | Queue | Scout Cavalry |
| 12:38 | Build | Farm |
| 12:53 | Build | House |
| 13:03 | Queue | Villager (Male) |
| 13:04 | Queue | Scout Cavalry |
| 13:09 | Build | House |
| 13:21 | Build | Palisade Wall |
| 13:22 | Build | Palisade Wall |
| 13:29 | Build | Farm |
| 13:29 | Build | Farm |
| 13:29 | Build | Farm |
| 13:29 | Build | Farm |
| 13:29 | Build | Farm |
| 13:31 | Queue | Villager (Male) |
| 13:42 | Queue | Scout Cavalry |
| 15:07 | Queue | Scout Cavalry |
| 15:07 | Queue | Scout Cavalry |
| 15:08 | Queue | Villager (Male) |
| 15:08 | Queue | Villager (Male) |
| 16:05 | Queue | Villager (Male) |
| 16:05 | Queue | Villager (Male) |
| 16:09 | Build | House |
| 16:10 | Build | House |
| 16:10 | Build | House |
| 16:10 | Build | House |
| 16:13 | Build | Market |
| 16:19 | Build | Mining Camp |
| 16:19 | Queue | Villager (Male) |
| 16:20 | Queue | Villager (Male) |
| 16:27 | Build | Farm |
| 16:27 | Build | Farm |
| 16:27 | Build | Farm |
| 16:27 | Build | Farm |
| 16:28 | Build | Farm |
| 16:28 | Build | Farm |
| 16:28 | Build | Farm |
| 16:28 | Build | Farm |
| 16:28 | Build | Farm |
| 16:29 | Build | Farm |
| 17:07 | Queue | Villager (Male) |
| 17:07 | Queue | Villager (Male) |
| 17:12 | Queue | Villager (Male) |
| 17:48 | Queue | Scout Cavalry |
| 17:48 | Queue | Scout Cavalry |
| 18:04 | Build | Blacksmith |
| 18:26 | Build | House |
| 18:43 | Queue | Villager (Male) |
| 19:02 | Build | Lumber Camp |
| 19:18 | Research | Castle Age |
| 19:37 | Build | House |
| 19:39 | Build | Palisade Wall |
| 19:51 | Research | Horse Collar |
| 20:11 | Research | Bloodlines |
| 20:36 | Build | Stable |
| 21:39 | Queue | Villager (Male) |
| 21:39 | Queue | Villager (Male) |
| 21:44 | Build | Stable |
| 21:50 | Research | Scale Barding Armor |
| 22:05 | Age | Castle Age |
| 22:13 | Queue | Knight ×5 |
| 22:23 | Research | Gold Mining |
| 22:24 | Queue | Villager (Male) |
| 22:24 | Queue | Villager (Male) |
| 22:45 | Build | Farm |
| 22:52 | Queue | Villager (Male) |
| 23:03 | Queue | Knight |
| 23:03 | Queue | Knight |
| 23:15 | Build | Farm |
| 23:24 | Build | Farm |
| 23:34 | Queue | Villager (Male) |
| 23:41 | Queue | Knight |
| 23:46 | Queue | Knight |
| 23:48 | Queue | Knight |
| 23:49 | Queue | Villager (Male) |
| 23:57 | Build | Town Center |
| 24:06 | Queue | Knight |
| 24:14 | Build | Farm |
| 24:26 | Queue | Villager (Male) |
| 24:27 | Queue | Knight |
| 24:28 | Queue | Knight |
Build order — Ivandronato
First 150 of 252 actions detected
| 0:18 | Research | Loom |
| 0:50 | Queue | Villager (Male) |
| 1:14 | Queue | Villager (Male) |
| 1:25 | Build | Lumber Camp |
| 1:46 | Queue | Villager (Male) |
| 1:46 | Queue | Villager (Male) |
| 2:13 | Queue | Villager (Male) |
| 2:35 | Queue | Villager (Male) |
| 3:02 | Queue | Villager (Male) |
| 3:02 | Queue | Villager (Male) |
| 3:12 | Build | Mill |
| 3:32 | Queue | Villager (Male) |
| 3:39 | Build | House |
| 3:57 | Queue | Villager (Male) |
| 4:19 | Queue | Villager (Male) |
| 4:42 | Queue | Villager (Male) |
| 4:57 | Build | House |
| 5:09 | Queue | Villager (Male) |
| 5:09 | Queue | Villager (Male) |
| 5:56 | Queue | Villager (Male) |
| 6:20 | Build | Palisade Wall |
| 6:32 | Queue | Villager (Male) |
| 6:55 | Queue | Villager (Male) |
| 7:26 | Research | Feudal Age |
| 7:41 | Build | House |
| 7:42 | Build | House |
| 8:09 | Build | Lumber Camp |
| 8:33 | Build | Mining Camp |
| 9:25 | Build | Palisade Wall |
| 9:36 | Age | Feudal Age |
| 9:40 | Build | Barracks |
| 9:40 | Queue | Villager (Male) |
| 9:42 | Research | Double-Bit Axe |
| 9:50 | Build | Palisade Wall |
| 10:03 | Queue | Villager (Male) |
| 10:12 | Build | Archery Range |
| 10:27 | Build | Palisade Wall |
| 10:30 | Queue | Villager (Male) |
| 10:43 | Queue | Villager (Male) |
| 10:46 | Queue | Archer |
| 11:07 | Build | Archery Range |
| 11:13 | Queue | Villager (Male) |
| 11:28 | Build | House |
| 11:34 | Build | Farm |
| 11:36 | Build | Farm |
| 11:38 | Queue | Villager (Male) |
| 12:01 | Build | Farm |
| 12:07 | Queue | Archer |
| 12:08 | Queue | Archer |
| 12:13 | Queue | Villager (Male) |
| 12:30 | Queue | Villager (Male) |
| 12:34 | Queue | Archer |
| 12:35 | Queue | Archer |
| 12:50 | Build | House |
| 13:01 | Queue | Archer |
| 13:02 | Queue | Archer |
| 13:04 | Queue | Villager (Male) |
| 13:07 | Build | Farm |
| 13:20 | Build | Blacksmith |
| 13:25 | Queue | Villager (Male) |
| 13:28 | Build | House |
| 13:29 | Build | House |
| 13:34 | Build | Farm |
| 13:40 | Queue | Archer |
| 13:41 | Queue | Archer |
| 13:51 | Build | Farm |
| 13:54 | Queue | Villager (Male) |
| 14:29 | Build | House |
| 14:37 | Queue | Archer |
| 14:38 | Queue | Archer |
| 14:39 | Queue | Villager (Male) |
| 14:48 | Build | Farm |
| 14:48 | Build | Farm |
| 15:06 | Queue | Archer |
| 15:07 | Queue | Archer |
| 15:20 | Build | House |
| 15:27 | Queue | Villager (Male) |
| 15:30 | Build | Farm |
| 15:30 | Build | Farm |
| 15:31 | Build | Farm |
| 15:35 | Research | Fletching |
| 15:43 | Queue | Archer |
| 16:02 | Queue | Skirmisher |
| 16:04 | Queue | Skirmisher |
| 16:22 | Queue | Villager (Male) |
| 16:25 | Queue | Skirmisher |
| 17:02 | Queue | Skirmisher |
| 17:03 | Queue | Skirmisher |
| 17:29 | Research | Town Watch |
| 18:20 | Queue | Skirmisher |
| 18:22 | Queue | Skirmisher |
| 18:58 | Queue | Villager (Male) |
| 18:59 | Queue | Skirmisher |
| 19:00 | Queue | Skirmisher |
| 19:23 | Build | Farm |
| 19:38 | Queue | Archer |
| 20:02 | Build | Palisade Wall |
| 20:14 | Queue | Archer |
| 20:15 | Queue | Archer |
| 20:26 | Build | Palisade Wall |
| 20:28 | Queue | Villager (Male) |
| 20:34 | Queue | Archer |
| 20:36 | Queue | Archer |
| 20:46 | Build | Farm |
| 20:47 | Queue | Villager (Male) |
| 21:35 | Queue | Archer |
| 21:36 | Queue | Archer |
| 21:38 | Queue | Villager (Male) |
| 21:40 | Build | Farm |
| 21:53 | Build | Farm |
| 21:54 | Queue | Villager (Male) |
| 22:02 | Queue | Archer |
| 22:05 | Queue | Archer |
| 22:20 | Build | Farm |
| 22:27 | Queue | Villager (Male) |
| 22:42 | Queue | Archer |
| 22:43 | Queue | Archer |
| 22:46 | Build | Farm |
| 23:14 | Research | Castle Age |
| 23:15 | Research | Castle Age |
| 23:15 | Research | Castle Age |
| 23:21 | Build | Palisade Gate |
| 23:24 | Queue | Archer |
| 23:25 | Queue | Archer |
| 23:53 | Research | Padded Archer Armor |
| 24:00 | Research | Gold Mining |
| 24:11 | Build | Mining Camp |
| 24:17 | Queue | Archer |
| 24:18 | Queue | Archer |
| 24:48 | Queue | Archer |
| 24:48 | Queue | Archer |
| 25:01 | Build | House |
| 25:01 | Build | House |
| 25:16 | Build | Palisade Gate |
| 25:26 | Queue | Archer |
| 25:27 | Queue | Archer |
| 25:54 | Age | Castle Age |
| 25:57 | Research | Crossbowman (upgrade) |
| 25:59 | Research | Bodkin Arrow |
| 26:10 | Queue | Villager (Male) |
| 26:40 | Queue | Archer |
| 26:41 | Queue | Archer |
| 26:43 | Queue | Villager (Male) |
| 26:46 | Build | Farm |
| 26:53 | Build | Farm |
| 26:53 | Build | Farm |
| 26:55 | Research | Bow Saw |
| 27:35 | Queue | Archer |
| 27:36 | Queue | Archer |
| 27:37 | Queue | Villager (Male) |
Build order — Batlucky
First 150 of 326 actions detected
| 0:02 | Queue | Villager (Male) |
| 0:02 | Queue | Villager (Male) |
| 0:02 | Queue | Villager (Male) |
| 0:03 | Queue | Villager (Male) |
| 0:05 | Build | House |
| 0:06 | Build | House |
| 0:07 | Queue | Villager (Male) |
| 0:07 | Queue | Villager (Male) |
| 0:08 | Queue | Villager (Male) |
| 1:25 | Queue | Villager (Male) |
| 1:25 | Queue | Villager (Male) |
| 1:58 | Build | Lumber Camp |
| 2:05 | Queue | Villager (Male) |
| 2:05 | Queue | Villager (Male) |
| 2:17 | Queue | Villager (Male) |
| 2:18 | Queue | Villager (Male) |
| 2:44 | Queue | Villager (Male) |
| 2:44 | Queue | Villager (Male) |
| 3:15 | Queue | Villager (Male) |
| 3:52 | Build | House |
| 4:42 | Queue | Villager (Male) |
| 4:42 | Queue | Villager (Male) |
| 4:42 | Queue | Villager (Male) |
| 4:58 | Queue | Villager (Male) |
| 4:58 | Queue | Villager (Male) |
| 4:58 | Queue | Villager (Male) |
| 5:11 | Build | Mill |
| 5:55 | Build | House |
| 6:00 | Research | Loom |
| 6:31 | Build | Farm |
| 7:04 | Build | Farm |
| 7:12 | Research | Feudal Age |
| 7:44 | Build | Lumber Camp |
| 9:07 | Build | Barracks |
| 9:12 | Queue | Villager (Male) |
| 9:22 | Age | Feudal Age |
| 9:25 | Queue | Villager (Male) |
| 9:26 | Queue | Villager (Male) |
| 9:26 | Queue | Villager (Male) |
| 9:34 | Research | Double-Bit Axe |
| 10:11 | Build | Stable |
| 11:07 | Queue | Scout Cavalry |
| 11:08 | Queue | Scout Cavalry |
| 11:08 | Queue | Scout Cavalry |
| 11:08 | Queue | Scout Cavalry |
| 11:17 | Build | Farm |
| 11:17 | Build | Farm |
| 11:17 | Build | Farm |
| 11:18 | Build | Farm |
| 11:18 | Build | Farm |
| 11:20 | Queue | Villager (Male) |
| 11:21 | Queue | Villager (Male) |
| 11:26 | Build | House |
| 11:48 | Build | House |
| 11:57 | Build | Palisade Wall |
| 12:01 | Build | Palisade Wall |
| 12:08 | Build | Farm |
| 12:18 | Queue | Scout Cavalry |
| 12:18 | Queue | Scout Cavalry |
| 12:22 | Build | Farm |
| 12:22 | Build | Farm |
| 12:22 | Build | Farm |
| 12:37 | Build | Palisade Gate |
| 12:41 | Build | Palisade Wall |
| 12:54 | Build | Farm |
| 12:56 | Queue | Villager (Male) |
| 12:56 | Queue | Villager (Male) |
| 13:33 | Build | Blacksmith |
| 13:39 | Queue | Villager (Male) |
| 13:52 | Build | House |
| 13:55 | Queue | Villager (Male) |
| 13:57 | Build | Farm |
| 14:34 | Queue | Scout Cavalry |
| 14:35 | Queue | Scout Cavalry |
| 14:39 | Build | Farm |
| 14:41 | Build | Farm |
| 14:43 | Build | Farm |
| 14:45 | Queue | Villager (Male) |
| 14:46 | Queue | Villager (Male) |
| 15:56 | Research | Forging |
| 15:58 | Build | House |
| 16:01 | Queue | Scout Cavalry |
| 16:01 | Queue | Scout Cavalry |
| 16:01 | Queue | Scout Cavalry |
| 16:07 | Queue | Villager (Male) |
| 16:08 | Queue | Villager (Male) |
| 16:08 | Queue | Villager (Male) |
| 16:11 | Build | Mining Camp |
| 16:16 | Build | House |
| 16:19 | Build | House |
| 16:28 | Build | Farm |
| 17:10 | Queue | Villager (Male) |
| 17:11 | Queue | Villager (Male) |
| 17:15 | Build | House |
| 17:18 | Build | House |
| 17:27 | Build | Palisade Wall |
| 17:39 | Research | Bloodlines |
| 17:50 | Build | Palisade Wall |
| 18:29 | Queue | Villager (Male) |
| 18:30 | Queue | Villager (Male) |
| 18:52 | Research | Scale Barding Armor |
| 19:20 | Research | Castle Age |
| 19:20 | Research | Castle Age |
| 19:38 | Build | Stable |
| 19:48 | Research | Horse Collar |
| 20:22 | Build | House |
| 20:26 | Research | Scale Barding Armor |
| 20:31 | Research | Gold Mining |
| 21:50 | Queue | Villager (Male) |
| 21:51 | Queue | Villager (Male) |
| 21:51 | Queue | Villager (Male) |
| 21:52 | Queue | Villager (Male) |
| 22:00 | Age | Castle Age |
| 22:03 | Research | Husbandry |
| 22:03 | Queue | Knight |
| 22:03 | Queue | Knight |
| 22:04 | Queue | Knight |
| 22:04 | Queue | Knight |
| 22:04 | Queue | Knight |
| 22:37 | Queue | Villager (Male) |
| 22:37 | Queue | Villager (Male) |
| 22:42 | Build | Town Center |
| 22:47 | Build | Town Center |
| 22:56 | Queue | Knight |
| 22:56 | Queue | Knight |
| 22:57 | Queue | Knight |
| 23:07 | Queue | Villager (Male) |
| 23:07 | Queue | Villager (Male) |
| 23:35 | Build | House |
| 23:41 | Build | Farm |
| 23:43 | Build | Farm |
| 24:01 | Queue | Villager (Male) |
| 24:02 | Queue | Knight |
| 24:02 | Queue | Knight |
| 24:02 | Queue | Knight |
| 24:03 | Queue | Knight |
| 24:21 | Research | Iron Casting |
| 24:24 | Queue | Villager (Male) |
| 24:24 | Queue | Villager (Male) |
| 24:24 | Queue | Villager (Male) |
| 24:25 | Queue | Villager (Male) |
| 24:53 | Build | Monastery |
| 26:19 | Queue | Scout Cavalry |
| 26:19 | Queue | Knight |
| 26:21 | Queue | Knight |
| 26:21 | Queue | Knight |
| 26:21 | Queue | Knight |
| 26:21 | Queue | Knight |
| 26:22 | Queue | Knight |
| 26:22 | Queue | Knight |
Build order — [GDL] RagnarokCo
First 150 of 251 actions detected
| 0:02 | Queue | Villager (Male) |
| 0:03 | Build | House |
| 0:05 | Build | House |
| 0:13 | Queue | Villager (Male) |
| 0:13 | Queue | Villager (Male) |
| 0:14 | Queue | Villager (Male) |
| 1:27 | Queue | Villager (Male) |
| 1:27 | Queue | Villager (Male) |
| 2:00 | Queue | Villager (Male) |
| 2:16 | Build | House |
| 2:24 | Queue | Villager (Male) |
| 2:24 | Queue | Villager (Male) |
| 2:26 | Build | Lumber Camp |
| 2:50 | Queue | Villager (Male) |
| 2:50 | Queue | Villager (Male) |
| 3:21 | Queue | Villager (Male) |
| 3:21 | Queue | Villager (Male) |
| 3:22 | Queue | Villager (Male) |
| 3:32 | Build | House |
| 4:09 | Queue | Villager (Male) |
| 4:09 | Queue | Villager (Male) |
| 4:10 | Queue | Villager (Male) |
| 4:25 | Queue | Villager (Male) |
| 4:26 | Queue | Villager (Male) |
| 4:43 | Build | Mill |
| 5:24 | Queue | Villager (Male) |
| 5:51 | Build | Mining Camp |
| 5:54 | Research | Loom |
| 6:11 | Queue | Villager (Male) |
| 6:28 | Build | House |
| 6:53 | Research | Feudal Age |
| 7:47 | Build | Barracks |
| 8:22 | Queue | Villager (Male) |
| 9:03 | Age | Feudal Age |
| 9:10 | Queue | Villager (Male) |
| 9:15 | Build | Archery Range |
| 9:16 | Queue | Villager (Male) |
| 9:31 | Queue | Villager (Male) |
| 9:31 | Queue | Villager (Male) |
| 9:31 | Queue | Villager (Male) |
| 9:59 | Build | Archery Range |
| 10:09 | Queue | Archer |
| 10:14 | Build | House |
| 10:16 | Queue | Archer |
| 10:18 | Queue | Villager (Male) |
| 10:46 | Queue | Archer |
| 10:53 | Build | Palisade Wall |
| 10:58 | Build | House |
| 11:19 | Queue | Archer |
| 11:27 | Build | Palisade Gate |
| 11:32 | Build | Palisade Wall |
| 11:38 | Queue | Villager (Male) |
| 11:42 | Build | House |
| 11:51 | Queue | Archer |
| 12:00 | Build | Blacksmith |
| 12:17 | Queue | Villager (Male) |
| 12:22 | Queue | Archer |
| 12:28 | Build | Farm |
| 12:50 | Queue | Archer |
| 12:52 | Queue | Archer |
| 12:52 | Queue | Villager (Male) |
| 12:53 | Queue | Villager (Male) |
| 13:02 | Build | Farm |
| 13:10 | Queue | Archer |
| 13:29 | Queue | Archer |
| 13:33 | Build | House |
| 13:36 | Build | Palisade Wall |
| 13:37 | Build | Palisade Gate |
| 13:46 | Research | Fletching |
| 13:46 | Research | Fletching |
| 13:48 | Queue | Villager (Male) |
| 13:49 | Queue | Villager (Male) |
| 13:49 | Queue | Villager (Male) |
| 13:51 | Build | Farm |
| 14:09 | Queue | Archer |
| 14:21 | Build | Farm |
| 14:21 | Queue | Villager (Male) |
| 14:22 | Queue | Villager (Male) |
| 14:23 | Queue | Archer |
| 14:57 | Queue | Archer ×2 |
| 14:57 | Queue | Villager (Male) |
| 14:58 | Queue | Villager (Male) |
| 15:01 | Build | Farm |
| 15:04 | Build | House |
| 15:10 | Build | House |
| 15:36 | Queue | Archer ×2 |
| 15:37 | Queue | Villager (Male) |
| 15:38 | Queue | Villager (Male) |
| 15:38 | Queue | Villager (Male) |
| 15:39 | Build | Farm |
| 15:40 | Build | Farm |
| 15:40 | Build | Farm |
| 16:12 | Queue | Archer ×3 |
| 16:13 | Queue | Villager (Male) |
| 16:13 | Queue | Villager (Male) |
| 16:15 | Build | Farm |
| 16:19 | Build | House |
| 16:37 | Queue | Archer |
| 16:38 | Queue | Villager (Male) |
| 16:38 | Queue | Villager (Male) |
| 17:25 | Queue | Archer ×3 |
| 17:25 | Queue | Villager (Male) |
| 17:26 | Queue | Villager (Male) |
| 17:26 | Queue | Villager (Male) |
| 17:28 | Build | Farm |
| 17:28 | Build | Farm |
| 17:34 | Build | House |
| 17:44 | Queue | Archer |
| 17:58 | Queue | Villager (Male) |
| 18:03 | Build | Lumber Camp |
| 18:36 | Queue | Archer ×3 |
| 18:46 | Research | Padded Archer Armor |
| 18:50 | Queue | Villager (Male) ×4 |
| 19:16 | Queue | Archer ×2 |
| 19:20 | Build | Farm |
| 19:23 | Build | Farm |
| 19:25 | Build | House |
| 19:47 | Queue | Villager (Male) ×5 |
| 19:51 | Build | Farm |
| 19:51 | Build | Farm |
| 20:03 | Queue | Archer |
| 20:05 | Queue | Villager (Male) |
| 20:14 | Build | House |
| 20:19 | Build | Mining Camp |
| 20:27 | Queue | Archer |
| 20:28 | Queue | Villager (Male) |
| 20:41 | Queue | Archer |
| 20:47 | Build | House |
| 20:52 | Build | Palisade Wall |
| 20:53 | Build | Palisade Wall |
| 21:06 | Queue | Villager (Male) |
| 21:09 | Queue | Villager (Male) |
| 21:12 | Queue | Archer ×5 |
| 21:40 | Build | Farm |
| 21:43 | Build | Farm |
| 21:57 | Queue | Villager (Male) |
| 22:09 | Research | Castle Age |
| 22:25 | Build | Farm |
| 22:30 | Build | Farm |
| 22:34 | Queue | Archer |
| 22:35 | Queue | Archer |
| 22:39 | Research | Double-Bit Axe |
| 22:46 | Research | Horse Collar |
| 22:56 | Build | House |
| 23:10 | Research | Gold Mining |
| 23:12 | Queue | Archer ×2 |
| 23:17 | Queue | Archer |
| 23:34 | Build | House |
| 23:44 | Queue | Villager (Male) |
| 23:51 | Queue | Archer |
Build order — Impeesa91
First 150 of 405 actions detected
| 0:01 | Queue | Villager (Male) |
| 0:02 | Queue | Villager (Male) |
| 0:02 | Queue | Villager (Male) |
| 0:02 | Queue | Villager (Male) |
| 0:02 | Queue | Villager (Male) |
| 0:04 | Build | House |
| 0:07 | Build | House |
| 1:23 | Queue | Villager (Male) |
| 1:46 | Build | Lumber Camp |
| 1:52 | Queue | Villager (Male) |
| 1:52 | Queue | Villager (Male) |
| 2:16 | Queue | Villager (Male) |
| 2:16 | Queue | Villager (Male) |
| 2:35 | Queue | Villager (Male) |
| 2:36 | Queue | Villager (Male) |
| 3:02 | Queue | Villager (Male) |
| 3:34 | Queue | Villager (Male) |
| 3:34 | Queue | Villager (Male) |
| 3:53 | Build | House |
| 3:59 | Build | House |
| 3:59 | Build | House |
| 4:02 | Queue | Villager (Male) |
| 4:19 | Build | Mill |
| 4:26 | Queue | Villager (Male) |
| 4:27 | Queue | Villager (Male) |
| 4:41 | Build | Palisade Wall |
| 4:45 | Queue | Villager (Male) |
| 5:03 | Build | Palisade Gate |
| 5:10 | Queue | Villager (Male) |
| 5:10 | Queue | Villager (Male) |
| 5:42 | Queue | Villager (Male) |
| 5:42 | Queue | Villager (Male) |
| 5:42 | Queue | Villager (Male) |
| 6:00 | Queue | Villager (Male) |
| 6:55 | Queue | Villager (Male) |
| 8:01 | Research | Feudal Age |
| 8:18 | Build | Lumber Camp |
| 8:44 | Build | Barracks |
| 8:48 | Build | House |
| 8:56 | Research | Loom |
| 9:54 | Build | Farm |
| 10:08 | Build | Farm |
| 10:10 | Age | Feudal Age |
| 10:17 | Build | Stable |
| 10:24 | Build | House |
| 10:27 | Queue | Villager (Male) |
| 10:32 | Research | Double-Bit Axe |
| 10:40 | Research | Horse Collar |
| 10:40 | Research | Horse Collar |
| 10:42 | Queue | Villager (Male) |
| 10:42 | Queue | Villager (Male) |
| 10:42 | Queue | Villager (Male) |
| 10:46 | Queue | Villager (Male) |
| 10:57 | Build | Farm |
| 11:08 | Queue | Scout Cavalry |
| 11:09 | Queue | Scout Cavalry |
| 11:09 | Queue | Scout Cavalry |
| 11:12 | Queue | Villager (Male) |
| 11:14 | Build | Farm |
| 11:20 | Build | Farm |
| 11:30 | Build | Farm |
| 11:41 | Queue | Villager (Male) |
| 11:45 | Build | House |
| 11:46 | Build | House |
| 12:04 | Build | Farm |
| 12:05 | Queue | Villager (Male) |
| 12:10 | Queue | Scout Cavalry |
| 12:22 | Build | Farm |
| 12:23 | Queue | Villager (Male) |
| 12:39 | Build | Farm |
| 12:43 | Build | Farm |
| 12:46 | Queue | Villager (Male) |
| 12:46 | Queue | Villager (Male) |
| 12:51 | Build | Farm |
| 13:08 | Queue | Villager (Male) |
| 13:10 | Queue | Villager (Male) |
| 13:25 | Build | Farm |
| 13:26 | Queue | Villager (Male) |
| 13:42 | Build | Farm |
| 13:43 | Queue | Villager (Male) |
| 13:52 | Build | House |
| 14:10 | Queue | Scout Cavalry |
| 14:10 | Queue | Scout Cavalry |
| 14:40 | Queue | Villager (Male) |
| 14:40 | Queue | Villager (Male) |
| 14:41 | Queue | Villager (Male) |
| 14:46 | Build | Farm |
| 14:47 | Build | Farm |
| 14:52 | Build | Stable |
| 15:07 | Queue | Scout Cavalry |
| 15:07 | Queue | Scout Cavalry |
| 15:08 | Queue | Scout Cavalry |
| 15:22 | Build | Farm |
| 15:23 | Queue | Villager (Male) |
| 15:27 | Queue | Scout Cavalry |
| 15:27 | Queue | Scout Cavalry |
| 15:54 | Queue | Scout Cavalry |
| 15:55 | Queue | Villager (Male) |
| 16:02 | Queue | Villager (Male) |
| 16:02 | Queue | Villager (Male) |
| 16:04 | Queue | Villager (Male) |
| 16:08 | Build | Blacksmith |
| 16:11 | Queue | Villager (Male) |
| 16:21 | Queue | Villager (Male) |
| 16:21 | Queue | Villager (Male) |
| 16:32 | Queue | Scout Cavalry ×2 |
| 16:33 | Queue | Scout Cavalry ×2 |
| 17:09 | Queue | Scout Cavalry ×2 |
| 17:10 | Queue | Villager (Male) |
| 17:17 | Build | House |
| 17:18 | Build | House |
| 17:23 | Build | Mining Camp |
| 17:28 | Research | Scale Barding Armor |
| 17:46 | Queue | Scout Cavalry |
| 17:46 | Queue | Scout Cavalry |
| 17:53 | Queue | Scout Cavalry |
| 18:22 | Queue | Scout Cavalry |
| 18:22 | Queue | Scout Cavalry |
| 18:23 | Queue | Villager (Male) |
| 18:35 | Queue | Villager (Male) |
| 18:46 | Queue | Scout Cavalry |
| 18:46 | Queue | Scout Cavalry |
| 19:02 | Queue | Villager (Male) |
| 19:02 | Queue | Villager (Male) |
| 19:09 | Build | Farm |
| 19:10 | Build | Farm |
| 19:12 | Build | Farm |
| 19:13 | Queue | Villager (Male) |
| 19:13 | Queue | Villager (Male) |
| 19:17 | Build | House |
| 19:20 | Queue | Villager (Male) |
| 19:32 | Queue | Villager (Male) |
| 19:41 | Queue | Villager (Male) |
| 19:45 | Build | House |
| 19:48 | Queue | Villager (Male) |
| 19:51 | Build | Farm |
| 19:59 | Build | Market |
| 20:04 | Queue | Scout Cavalry |
| 20:05 | Queue | Villager (Male) |
| 20:16 | Build | House |
| 20:18 | Build | House |
| 20:22 | Build | House |
| 20:23 | Build | House |
| 20:31 | Build | Palisade Wall |
| 21:41 | Research | Castle Age |
| 21:47 | Build | Stable |
| 21:52 | Build | Farm |
| 21:53 | Queue | Villager (Male) |
| 21:58 | Build | House |
| 21:59 | Build | House |
Match timeline
| 4:41 | Impeesa91 · wall_segment Palisade Wall x8 |
| 5:38 | BoaDelapool, "cocainita" · first_building Barracks |
| 6:20 | Ivandronato · wall_segment Palisade Wall x10 |
| 7:37 | Dadagama · first_building Barracks |
| 7:47 | [GDL] RagnarokCo · first_building Barracks |
| 8:20 | rey mongol · first_building Barracks |
| 8:24 | PedritoFurioso · first_building Barracks |
| 8:26 | BoaDelapool, "cocainita" · wall_segment Palisade Wall x6 |
| 8:44 | Impeesa91 · first_building Barracks |
| 8:52 | BoaDelapool, "cocainita" · age_up feudal |
| 9:03 | [GDL] RagnarokCo · age_up feudal |
| 9:07 | Batlucky · first_building Barracks |
| 9:15 | [GDL] RagnarokCo · first_building Archery Range |
| 9:20 | rey mongol · age_up feudal |
| 9:22 | Batlucky · age_up feudal |
| 9:25 | Ivandronato · wall_segment Palisade Wall x1 |
| 9:27 | PedritoFurioso · wall_segment Palisade Wall x1 |
| 9:27 | rey mongol · first_building Stable |
| 9:36 | Ivandronato · age_up feudal |
| 9:40 | Ivandronato · first_building Barracks |
| 9:41 | Dadagama · age_up feudal |
| 9:43 | Dadagama · first_building Stable |
| 9:50 | BoaDelapool, "cocainita" · wall_segment Palisade Wall x4 |
| 9:50 | Ivandronato · wall_segment Palisade Wall x1 |
| 10:01 | PedritoFurioso · age_up feudal |
| 10:04 | PedritoFurioso · wall_segment Palisade Wall x3 |
| 10:07 | PedritoFurioso · wall_segment Palisade Wall x1 |
| 10:10 | Impeesa91 · age_up feudal |
| 10:11 | Batlucky · first_building Stable |
| 10:12 | Ivandronato · first_building Archery Range |
| 10:14 | PedritoFurioso · first_building Archery Range |
| 10:17 | Impeesa91 · first_building Stable |
| 10:27 | Ivandronato · wall_segment Palisade Wall x8 |
| 10:46 | Dadagama · wall_segment Palisade Wall x9 |
| 10:53 | [GDL] RagnarokCo · wall_segment Palisade Wall x10 |
| 10:57 | BoaDelapool, "cocainita" · wall_segment Palisade Wall x5 |
| 11:15 | BoaDelapool, "cocainita" · wall_segment Palisade Wall x6 |
| 11:32 | [GDL] RagnarokCo · wall_segment Palisade Wall x2 |
| 11:43 | BoaDelapool, "cocainita" · wall_segment Palisade Wall x10 |
| 11:47 | rey mongol · wall_segment Palisade Wall x2 |
| 11:51 | rey mongol · wall_segment Palisade Wall x1 |
| 11:52 | rey mongol · wall_segment Palisade Wall x1 |
| 11:57 | Batlucky · wall_segment Palisade Wall x1 |
| 12:01 | Batlucky · wall_segment Palisade Wall x10 |
| 12:15 | Dadagama · wall_segment Palisade Wall x9 |
| 12:28 | rey mongol · wall_segment Palisade Wall x2 |
| 12:38 | BoaDelapool, "cocainita" · wall_segment Palisade Wall x4 |
| 12:38 | BoaDelapool, "cocainita" · wall_segment Palisade Wall x1 |
| 12:41 | rey mongol · wall_segment Palisade Wall x5 |
| 12:41 | Batlucky · wall_segment Palisade Wall x10 |
| 12:45 | BoaDelapool, "cocainita" · wall_segment Palisade Wall x1 |
| 12:47 | PedritoFurioso · wall_segment Palisade Wall x10 |
| 12:50 | BoaDelapool, "cocainita" · wall_segment Palisade Wall x8 |
| 13:04 | rey mongol · wall_segment Palisade Wall x3 |
| 13:09 | rey mongol · wall_segment Palisade Wall x10 |
| 13:21 | Dadagama · wall_segment Palisade Wall x1 |
| 13:22 | Dadagama · wall_segment Palisade Wall x1 |
| 13:36 | [GDL] RagnarokCo · wall_segment Palisade Wall x4 |
| 13:47 | rey mongol · wall_segment Palisade Wall x9 |
| 14:12 | PedritoFurioso · wall_segment Palisade Wall x3 |
| 14:13 | PedritoFurioso · wall_segment Palisade Wall x8 |
| 14:41 | PedritoFurioso · first_market_buy 100 food |
| 15:18 | PedritoFurioso · wall_segment Palisade Wall x8 |
| 16:00 | rey mongol · wall_segment Palisade Wall x1 |
| 16:02 | rey mongol · wall_segment Palisade Wall x1 |
| 17:27 | Batlucky · wall_segment Palisade Wall x5 |
| 17:37 | rey mongol · wall_segment Palisade Wall x4 |
| 17:50 | Batlucky · wall_segment Palisade Wall x8 |
| 17:52 | PedritoFurioso · wall_segment Palisade Wall x14 |
| 18:15 | PedritoFurioso · wall_segment Palisade Wall x1 |
| 18:50 | rey mongol · wall_segment Palisade Wall x7 |
| 19:39 | Dadagama · wall_segment Palisade Wall x1 |
| 20:00 | rey mongol · wall_segment Palisade Wall x2 |
| 20:02 | Ivandronato · wall_segment Palisade Wall x3 |
| 20:26 | Ivandronato · wall_segment Palisade Wall x4 |
| 20:31 | Impeesa91 · wall_segment Palisade Wall x7 |
| 20:52 | [GDL] RagnarokCo · wall_segment Palisade Wall x10 |
| 20:53 | [GDL] RagnarokCo · wall_segment Palisade Wall x4 |
| 20:54 | Impeesa91 · first_market_buy 100 food |
| 20:58 | Impeesa91 · first_market_sell 100 wood |
| 20:59 | rey mongol · wall_segment Palisade Wall x1 |
| 21:44 | rey mongol · wall_segment Palisade Wall x1 |
| 22:00 | Batlucky · age_up castle |
| 22:05 | Dadagama · age_up castle |
| 22:18 | Impeesa91 · wall_segment Palisade Wall x42 |
| 22:39 | PedritoFurioso · first_market_sell 500 stone |
| 22:40 | rey mongol · wall_segment Palisade Wall x1 |
| 22:48 | rey mongol · wall_segment Palisade Wall x1 |
| 22:51 | rey mongol · wall_segment Palisade Wall x1 |
| 24:11 | [GDL] RagnarokCo · wall_segment Palisade Wall x6 |
| 24:21 | Impeesa91 · age_up castle |
| 24:23 | rey mongol · age_up castle |
| 24:24 | [GDL] RagnarokCo · wall_segment Palisade Wall x6 |
| 24:41 | BoaDelapool, "cocainita" · age_up castle |
| 24:43 | BoaDelapool, "cocainita" · first_building Siege Workshop |
| 24:48 | Impeesa91 · wall_segment Palisade Wall x17 |
| 24:52 | PedritoFurioso · wall_segment Palisade Wall x3 |
| 24:53 | Batlucky · first_building Monastery |
| 25:01 | [GDL] RagnarokCo · age_up castle |
| 25:03 | [GDL] RagnarokCo · wall_segment Palisade Wall x2 |
| 25:54 | Ivandronato · age_up castle |
| 26:09 | PedritoFurioso · age_up castle |
| 26:40 | PedritoFurioso · wall_segment Stone Wall x4 |
| 26:42 | [GDL] RagnarokCo · first_building Monastery |
| 28:59 | rey mongol · first_building Monastery |
| 30:44 | [GDL] RagnarokCo · first_building Castle |
| 31:38 | BoaDelapool, "cocainita" · first_building Castle |
| 35:00 | Ivandronato · first_building Monastery |
| 35:02 | Batlucky · first_building Castle |
| 37:22 | rey mongol · wall_segment Palisade Wall x1 |
| 37:43 | BoaDelapool, "cocainita" · first_market_buy 500 food |
| 38:29 | rey mongol · resign |
| 38:47 | Ivandronato · age_up imperial |
| 38:59 | Impeesa91 · first_building Monastery |
| 39:17 | BoaDelapool, "cocainita" · tribute_sent a jugador 1 |
| 39:17 | BoaDelapool, "cocainita" · tribute_sent a jugador 3 |
| 39:17 | BoaDelapool, "cocainita" · tribute_sent a jugador 4 |
| 39:17 | BoaDelapool, "cocainita" · tribute_sent a jugador 5 |
| 39:17 | BoaDelapool, "cocainita" · tribute_sent a jugador 6 |
| 39:17 | BoaDelapool, "cocainita" · tribute_sent a jugador 7 |
| 39:17 | BoaDelapool, "cocainita" · tribute_sent a jugador 8 |
| 39:19 | Impeesa91 · tribute_sent a jugador 1 |
| 39:19 | Impeesa91 · tribute_sent a jugador 2 |
| 39:19 | Impeesa91 · tribute_sent a jugador 3 |
| 39:19 | Impeesa91 · tribute_sent a jugador 4 |
| 39:19 | Impeesa91 · tribute_sent a jugador 5 |
| 39:19 | Impeesa91 · tribute_sent a jugador 6 |
| 39:19 | Impeesa91 · tribute_sent a jugador 7 |
| 40:55 | BoaDelapool, "cocainita" · age_up imperial |
| 41:00 | Dadagama · first_building Castle |
| 41:25 | BoaDelapool, "cocainita" · tribute_sent a jugador 1 |
| 41:25 | BoaDelapool, "cocainita" · tribute_sent a jugador 3 |
| 41:25 | BoaDelapool, "cocainita" · tribute_sent a jugador 4 |
| 41:25 | BoaDelapool, "cocainita" · tribute_sent a jugador 5 |
| 41:25 | BoaDelapool, "cocainita" · tribute_sent a jugador 6 |
| 41:25 | BoaDelapool, "cocainita" · tribute_sent a jugador 7 |
| 41:25 | BoaDelapool, "cocainita" · tribute_sent a jugador 8 |
| 41:29 | Impeesa91 · tribute_sent a jugador 1 |
| 41:29 | Impeesa91 · tribute_sent a jugador 2 |
| 41:29 | Impeesa91 · tribute_sent a jugador 3 |
| 41:29 | Impeesa91 · tribute_sent a jugador 4 |
| 41:29 | Impeesa91 · tribute_sent a jugador 5 |
| 41:29 | Impeesa91 · tribute_sent a jugador 6 |
| 41:29 | Impeesa91 · tribute_sent a jugador 7 |
| 41:45 | Batlucky · tribute_sent a jugador 1 |
| 41:45 | Batlucky · tribute_sent a jugador 2 |
| 41:45 | Batlucky · tribute_sent a jugador 3 |
| 41:45 | Batlucky · tribute_sent a jugador 4 |
| 41:45 | Batlucky · tribute_sent a jugador 5 |
| 41:45 | Batlucky · tribute_sent a jugador 7 |
| 41:45 | Batlucky · tribute_sent a jugador 8 |
[ AI ANALYSIS · 1 CREDIT ]
What really happened in this match?
Wolo.gg analyzes every decision: build order, eco, micro, common mistakes by bracket. Personalized analysis on WhatsApp or Discord in 30 seconds.
Civ guide
Persians
Perfil
Destructor de ocotes